Map: Nightshade LE

Players

ViBE - Winner!

  • Race: Zerg Zerg
  • League: Master
  • Spawn Location: 5:00

jayhxmo

  • Race: Protoss Protoss
  • League: Master
  • Spawn Location: 11:00

VOD

Have the link to the VOD?

Description

Time

  • Played on: Dec. 26, 2019, 3:52 a.m.
  • Length: 10:36
Show
View Real Time Build Order
Export as new Build Order

ViBE Zerg - Winner!

Build Orders: Hatch First, Swarm Host 

Get SALT Encoding   

  12  0:01  Drone  
  13  0:14  Overlord  
  13  0:18  Drone  
  14  0:32  Drone x2  
  16  0:52  Hatchery  
  16  0:56  Drone  
  16  0:57  Drone  
  17  1:09  Drone  
  18  1:13  Extractor  
  18  1:15  Spawning Pool  
  18  1:18  Drone  
  17  1:23  Drone  
  18  1:30  Drone  
  19  1:49  Overlord  
  19  1:55  Drone  
  20  2:03  Queen x2  
  24  2:08  Zergling x4  
  24  2:12  Drone  
  27  2:17  Drone, Metabolic Boost  
  28  2:26  Drone x2  
  30  2:38  Hatchery  
  29  2:45  Drone x3  
  32  2:58  Zergling x6  
  35  3:08  Overlord x2  
  35  3:17  Overlord  
  35  3:19  Drone  
  36  3:26  Queen  
  38  3:27  Drone x2  
  38  3:29  Drone x3  
  43  3:38  Drone x2  
  45  3:43  Drone  
  46  3:49  Drone x6  
  46  3:50  Drone  
  46  3:52  Roach Warren  
  52  3:55  Overlord  
  52  4:04  Lair  
  52  4:08  Drone x4  
  56  4:13  Extractor x2  
  54  4:19  Zergling x6  
  54  4:20  Zergling x4  
  58  4:24  Overlord x2  
  58  4:27  Drone x2  
  58  4:28  Drone  
  61  4:40  Drone x3  
  61  4:43  Overlord  
  64  4:48  Overlord x2  
  64  4:54  Queen  
  64  4:56  Queen  
  68  5:04  Roach x7  
  68  5:06  Glial Reconstitution  
  82  5:15  Roach x4  
  89  5:25  Roach x5  
  99  5:31  Overlord x2  
  99  5:39  Roach x3  
  81  6:06  Roach x6  
  81  6:07  Roach x4  
  91  6:12  Roach x2  
  91  6:13  Zergling x6  
  98  6:24  Hatchery  
  98  6:25  Roach x2  
  92  6:36  Roach x2  
  91  6:43  Roach x2  
  95  6:53  Extractor  
  95  6:54  Infestation Pit  
  93  6:55  Drone x2  
  95  7:07  Roach  
  95  7:08  Roach x2  
  80  7:28  Roach x6  
  88  7:38  Drone x3  
  88  7:41  Swarm Host x3  
  94  7:44  Zergling x6  
  94  7:49  Swarm Host  
  96  7:59  Roach x4  
  96  8:04  Roach  
  96  8:05  Roach  
  104  8:09  Queen  
  106  8:21  Roach  
  106  8:22  Roach x7  
  122  8:38  Overseer  
  122  8:39  Hatchery, Overseer  
  122  8:41  Overlord x7  
  121  8:43  Queen  
  119  8:53  Roach  
  119  8:54  Roach x2  
  105  9:04  Roach x4  
  105  9:07  Drone x2  
  98  9:19  Queen  
Show
View Real Time Build Order
Export as new Build Order

jayhxmo Protoss 

Build Orders: 1 Gate Expand 

Get SALT Encoding   

  12  0:00  Probe  
  13  0:13  Probe  
  14  0:18  Pylon  
  14  0:25  Probe  
  15  0:31  Assimilator  
  15  0:37  Probe (Chrono Boost)  
  16  0:46  Probe (Chrono Boost)  
  16  0:48  Gateway  
  17  0:51  Probe (Chrono Boost)  
  18  1:03  Probe  
  19  1:15  Probe  
  20  1:27  Nexus  
  20  1:38  Cybernetics Core  
  20  1:40  Probe  
  20  1:46  Assimilator  
  21  1:52  Probe  
  22  1:56  Pylon  
  22  2:05  Probe (Chrono Boost)  
  23  2:12  Adept (Chrono Boost)  
  26  2:16  Probe (Chrono Boost), Warp Gate  
  26  2:21  Probe (Chrono Boost)  
  26  2:25  Robotics Facility  
  27  2:34  Stalker (Chrono Boost)  
  29  2:38  Probe  
  29  2:40  Probe  
  31  2:50  Probe  
  32  2:52  Probe  
  33  3:02  Probe  
  34  3:06  Probe  
  35  3:13  Warp Prism (Chrono Boost)  
  35  3:14  Twilight Council  
  37  3:26  Gateway  
  37  3:30  Probe  
  38  3:47  Immortal (Chrono Boost)  
  42  3:50  Charge  
  42  3:55  Pylon  
  42  4:14  Gateway  
  42  4:15  Gateway  
  42  4:16  Immortal (Chrono Boost)  
  42  4:18  Gateway  
  42  4:19  Gateway  
  46  4:26  Gateway x2  
  46  4:30  Pylon  
  46  4:34  Pylon  
  46  4:41  Pylon  
  46  4:43  Pylon  
  46  4:51  Zealot x2  
  50  4:56  Pylon  
  50  5:13  Zealot x2  
  50  5:14  Zealot  
  56  5:20  Zealot x2  
  56  5:21  Zealot x2  
  64  5:22  Pylon  
  64  5:27  Pylon  
  64  5:37  Zealot x4  
  64  5:41  Zealot x3  
  58  6:05  Zealot x7  
  70  6:12  Zealot  
  72  6:25  Zealot x5  
  74  6:39  Zealot x3  
  66  6:47  Zealot x4  
  66  6:52  Zealot  
  68  7:11  Zealot x5  
  48  7:32  Zealot x5  
  48  7:33  Zealot x3  
  54  7:57  Zealot x5  
  58  8:08  Zealot x3  
  64  8:15  Zealot x4  
  64  8:18  Zealot  
  74  8:23  Adept  
  76  8:30  Zealot x3  
  80  8:51  Zealot x5  
  74  8:55  Zealot  
  74  8:56  Zealot  
  60  9:03  Zealot  
  50  9:11  Zealot x3  
  44  9:19  Zealot x2  
Tags
 
Add a new tag
Caveats
  • Supply blocks, unpowered buildings, or Contaminate may cause inaccurate times.
  • Supply counts are checked every 10 seconds.